 Dungeon Sprint DCSS version 0.18.1-48-g4cf74bf (webtiles) character file.

275 tyranidshit the Fighter (level 6, 0/76 HPs)
             Began as a Troll Berserker on July 22, 2016.
             Was an Elder of Trog.
             Slain by a two-headed ogre
             ... wielding a +0 giant club
              (16 damage)
             ... in the Dungeon (Sprint IX: "|||||||||||||||||||||||||||||").
             The game lasted 00:01:36 (185 turns).

tyranidshit the Fighter (Troll Berserker)            Turns: 185, Time: 00:01:37

Health: 0/76       AC:  6    Str: 28    XL:     6   Next: 3%
Magic:  5/5        EV: 11    Int:  3    God:    Trog [****..]
Gold:   0          SH:  0    Dex: 12    Spells: 0 memorised, 5 levels left

rFire  . . .     SeeInvis .     o - +1 broad axe (chop)
rCold  . . .     Gourm    +     b - +0 animal skin
rNeg   . . .     Faith    .     (no shield)
rPois  .         Spirit   .     (helmet restricted)
rElec  .         Dismiss  .     l - +0 cloak
rCorr  .         Reflect  .     (gloves unavailable)
SustAt .         Harm     .     (boots unavailable)
MR     .....     NoTele   +     (no amulet)
Stlth  +.........               (no ring)
                                m - +3 ring of dexterity

@: exhausted, very slightly contaminated, slowed, very slow, not resistant to
hostile enchantments, very unstealthy
A: unfitting armour, claws 3, fast metabolism 3, gourmand, regeneration 2,
shaggy fur 1, tough skin 2
a: Berserk, Trog's Hand, Brothers in Arms, Burn Spellbooks, Renounce Religion


You were in the Dungeon.
You worshipped Trog.
Trog was greatly pleased with you.
You were very hungry.

You visited 1 branch

Inventory:

Hand Weapons
 a - a +0 hand axe
 o - a +1 broad axe of chopping (weapon)
Armour
 b - a +0 animal skin (worn)
 l - a +0 cloak (worn)
Jewellery
 m - a +3 ring of dexterity (left claw)
 n - a +3 ring of intelligence
Wands
 k - a wand of lightning (7/15)
Scrolls
 i - 2 scrolls of blinking
 j - 3 scrolls of remove curse
Potions
 d - 5 potions of curing
 g - 4 potions of magic
 h - a potion of berserk rage
Comestibles
 c - 2 bread rations


   Skills:
 + Level 9.6 Fighting
 + Level 4.1 Axes
 + Level 4.4 Dodging


You had 5 spell levels left.
You didn't know any spells.

Dungeon Overview and Level Annotations

Branches:
Dungeon (1/1)

Altars:
Cheibriados
Dithmenos
Elyvilon
Fedhas
Gozag
Kikubaaqudgha
Makhleb
Nemelex Xobeh
Okawaru
Pakellas
Qazlal
Ru
Sif Muna
Trog
Vehumet
Xom
Yredelemnul
Zin
The Shining One
Beogh
Jiyva
Lugonu


Innate Abilities, Weirdness & Mutations

You are too large for most types of armour.
You have claws for hands.
Your metabolism is lightning-fast.
You like to eat raw meat.
You heal very quickly.
You are covered in fur (AC +1).
You have very tough skin (AC +2).


Message History

The two-headed ogre hits you with a giant club!
The two-headed ogre hits you with a giant spiked club!!
* * * LOW HITPOINT WARNING * * *
You see here a +0 helmet.
Items here: ))))) a +2 scimitar of flaming; a +0 lajatang; a +2 halberd of protection a +2 morningstar of protection; a +2 rapier of electrocution You see here an uncursed staff of energy.
The two-headed ogre barely misses you.
The two-headed ogre hits you with a giant spiked club.
* * * LOW HITPOINT WARNING * * *
You see here 2 scrolls of amnesia.
You flicker for a moment.
The two-headed ogre barely misses you. x2
There is an open door here.
There is an oddly glowing altar of Pakellas here.
You flicker back into view.
There is a sacrificial altar of Ru here.
The two-headed ogre hits you with a giant club!
You die... ▓▓▓▓▓▓▓▓▓▓▓▓▓▓▓▓▓▓▓▓▓▓▓▓▓▓▓▓▓▓▓▓▓ ________________@OZ'h?|)[.[..†... ▓▓▓▓▓▓▓▓▓▓▓▓▓▓▓▓▓▓▓▓▓▓▓▓▓▓▓▓▓▓▓▓▓

You could see a two-headed ogre, a hound and a bat skeleton.

Vanquished Creatures
  A sky beast (D)
  An ogre (D)
  2 hounds (D)
  A worker ant (D)
  A ball python (D)
  A bat zombie (D)
  A giant cockroach (D)
  A kobold (D)
  2 bats (D)
  A giant newt (D)
  A quokka zombie (D)
13 creatures vanquished.

Notes
Turn   | Place    | Note
--------------------------------------------------------------
     0 | D        | tyranidshit the Troll Berserker began the quest for the Orb.
     0 | D        | Reached XP level 1. HP: 22/22 MP: 0/0
    10 | D        | Reached ** piety under Trog
    11 | D        | Reached skill level 3 in Fighting
    22 | D        | Noticed a hound
    22 | D        | Noticed a hound
    22 | D        | Noticed an ogre
    28 | D        | Killed a hound
    28 | D        | Reached *** piety under Trog
    28 | D        | Reached skill level 5 in Fighting
    28 | D        | Reached XP level 2. HP: 35/35 MP: 1/1
    28 | D        | Reached XP level 3. HP: 42/42 MP: 2/2
    35 | D        | Reached skill level 6 in Fighting
    40 | D        | Killed an ogre
    40 | D        | Reached skill level 8 in Fighting
    40 | D        | Reached XP level 4. HP: 30/58 MP: 3/3
    40 | D        | Reached XP level 5. HP: 35/66 MP: 4/4
    76 | D        | Found a glowing silver altar of Zin.
    76 | D        | Found a glowing golden altar of the Shining One.
    76 | D        | Found an ancient bone altar of Kikubaaqudgha.
    76 | D        | Found a basalt altar of Yredelemnul.
    76 | D        | Found a shimmering altar of Xom.
    76 | D        | Found a radiant altar of Vehumet.
    77 | D        | Found an iron altar of Okawaru.
    78 | D        | Found a burning altar of Makhleb.
    79 | D        | Found a deep blue altar of Sif Muna.
    80 | D        | Found a bloodstained altar of Trog.
    81 | D        | Found a sparkling altar of Nemelex Xobeh.
    82 | D        | Found a white marble altar of Elyvilon.
    83 | D        | Found a roughly hewn altar of Beogh.
    84 | D        | Found a viscous altar of Jiyva.
    85 | D        | Found a corrupted altar of Lugonu.
    86 | D        | Found a blossoming altar of Fedhas.
    87 | D        | Found a snail-covered altar of Cheibriados.
    88 | D        | Found a shadowy altar of Dithmenos.
    89 | D        | Found a stormy altar of Qazlal.
    90 | D        | Found an opulent altar of Gozag.
    91 | D        | Found a sacrificial altar of Ru.
    92 | D        | Found an oddly glowing altar of Pakellas.
   154 | D        | Noticed a sky beast
   154 | D        | Noticed a two-headed ogre
   157 | D        | Reached **** piety under Trog
   157 | D        | Reached skill level 9 in Fighting
   163 | D        | Killed a sky beast
   163 | D        | Reached XP level 6. HP: 76/76 MP: 5/5
   169 | D        | HP: 3/76 [two-headed ogre/giant club (2)]
   185 | D        | Slain by a two-headed ogre

Skill      XL: |  1  2  3  4  5 |
---------------+----------------+-----
Fighting       | 5 8 9 |  9.6
Axes           | 4 |  4.1
Dodging        | 4 |  4.4

Action                   |  1- 3 |  4- 6 || total
-------------------------+-------+-------++-------
Melee: Hand axe          |    26 |       ||    26
       Broad axe         |       |    14 ||    14
Invok: Berserk           |     1 |     1 ||     2
       Trog's Hand       |     1 |     1 ||     2
  Use: Potion            |     1 |     4 ||     5
Armor: Animal skin       |     9 |     4 ||    13
Dodge: Dodged            |    11 |    14 ||    25
